 Dungeon Crawl Stone Soup version 0.32-a0-960-g3814254bd7 (webtiles) character file.

Game seed: 1112712517995334904

104099 Aldia the Bewitcher (level 15, 0/115 HPs)
             Began as a Vampire Enchanter on Apr 17, 2024.
             Was an Initiate of Gozag.
             Slain by a faun
             ... wielding a +0 spear
              (7 damage)
             ... on level 1 of the Shoals.
             The game lasted 01:18:12 (26262 turns).

Aldia the Bewitcher (Vampire Enchanter)            Turns: 26262, Time: 01:18:13

Health: 0/115      AC: 28    Str:  7    XL:     15   Next: 90%
Magic:  24/24      EV: 15    Int: 22    God:    Gozag
Gold:   6666       SH:  8    Dex: 21    Spells: 8/26 levels left

rFire   . . .        R - +4 scimitar (flame)
rCold   + . .        b - +2 buckler {AC+3}
rNeg    . . .        d - quicksilver dragon scales
rPois   +            k - +2 hat
rElec   .            I - +0 cloak
rCorr   .            n - +2 pair of gloves of the Fiend {rPois rC+ Dex+3}
SInv    +            L - +2 pair of boots {Fly}
Will    +....        a - amulet of magic regeneration
Stlth   +++          q - ring of Shadows {Umbra +Inv Stlth+}
HPRegen 0.59/turn    W - +4 ring of protection
MPRegen 0.59/turn

%: no passive effects
@: mighty, lethally poisoned (0 -> -1), lit by a corona, weak-willed, engulfed
(cannot breathe), gold aura, flying, mesmerised, healing quickly, glowing
A: alive, fangs 3, see invisible, vampiric 2
a: Exsanguinate, Renounce Religion, Evoke Invisibility, Potion Petition, Call
Merchant, Bribe Branch


You were on level 1 of the Shoals.
You worshipped Gozag.
Gozag was greatly pleased with you.
You visited 5 branches of the dungeon, and saw 24 of its levels.

You collected 9201 gold pieces.
You spent 2487 gold pieces at shops.
You paid 48 gold pieces to Gozag.

Inventory:

Hand Weapons
 p - a +2 dagger of venom
 R - a +4 scimitar of flaming (weapon)
Missiles
 P - 4 throwing nets (quivered)
 S - 3 curare-tipped darts
Armour
 b - a +2 buckler of protection (worn)
 d - quicksilver dragon scales (worn)
 k - a +2 hat (worn)
 n - the +2 pair of gloves of the Fiend (worn) {rPois rC+ Dex+3}
   (You found it on level 3 of the Dungeon)

   Dex+3:     It affects your dexterity (+3).
   rC+:       It protects you from cold.
   rPois:     It protects you from poison.
 A - a +2 robe of fire resistance
 I - a +0 cloak (worn)
 L - a +2 pair of boots of flying (worn)
Jewellery
 a - an amulet of magic regeneration (around neck)
 q - the ring of Shadows (left hand) {Umbra +Inv Stlth+}
   (You found it on level 3 of the Lair of Beasts)

   [ring of stealth]

   Umbra:     It surrounds you with an aura of shadow, increasing your stealth
   and reducing the accuracy of all others within it.
   +Inv:      It lets you turn invisible.
   Stlth+:    It makes you more stealthy.
 F - a ring of magical power
 H - a +6 ring of dexterity
 T - a ring of protection from cold
 V - the ring "Saollabb" {rPois Str+6 Int+3}
   (You found it on level 11 of the Dungeon)

   [ring of strength]

   Str+6:     It affects your strength (+6).
   Int+3:     It affects your intelligence (+3).
   rPois:     It protects you from poison.
 W - a +4 ring of protection (right hand)
 Y - a ring of fire
Wands
 f - a wand of charming (16)
 v - a wand of warping (7)
 w - a wand of polymorph (10)
 y - a wand of digging (12)
 D - a wand of quicksilver (34)
 Q - a wand of mindburst (6)
Scrolls
 e - 4 scrolls of fog
 g - 2 scrolls of silence
 i - a scroll of brand weapon
 l - 4 scrolls of poison
 r - 5 scrolls of noise
 s - 3 scrolls of enchant weapon
 x - 3 scrolls of fear
 z - 2 scrolls of torment
 B - 5 scrolls of vulnerability
 G - a scroll of amnesia
 O - 3 scrolls of blinking
Potions
 c - 2 potions of invisibility
 h - 11 potions of curing
 j - 2 potions of haste
 m - a potion of berserk rage
 o - 6 potions of enlightenment
 t - 3 potions of cancellation
 u - 2 potions of attraction
 C - 3 potions of might
 E - a potion of mutation
 J - 5 potions of brilliance
 M - 2 potions of heal wounds
 N - a potion of lignification
 U - a potion of magic
 Z - 2 potions of resistance
Miscellaneous
 K - a lightning rod (4/4)
 X - a phantom mirror


   Skills:
 - Level 10.0 Fighting
 - Level 10.0(13.2) Short Blades
 - Level 12.8(14.0) Long Blades
 + Level 6.3 Armour
 - Level 13.0 Dodging
 - Level 12.0 Stealth
 - Level 4.0 Shields
 - Level 6.0 Spellcasting
 + Level 15.8 Hexes
 - Level 2.6 Necromancy
 - Level 2.0 Ice Magic
 - Level 5.0 Air Magic
 - Level 7.0 Evocations


You had 8 spell levels left.
You knew the following spells:

 Your Spells              Type           Power      Damage    Failure   Level
b - Confusing Touch       Hex            66%        N/A       1%          3
c - Tukima's Dance        Hex            66%        N/A       1%          3
d - Dazzling Flash        Conj/Hex       82%        N/A       4%          3
e - Silence               Hex/Air        25%        N/A       16%         5
f - Dispel Undead         Necr           18%        3d11      82%         4

Your spell library contained the following spells:

 Spells                   Type           Power      Damage    Failure   Level
 Slow                     Hex            100%       N/A       1%          1
 Ensorcelled Hibernation  Hex/Ice        90%        N/A       1%          2
 Sigil of Binding         Hex            66%        N/A       1%          3
 Cause Fear               Hex            33%        N/A       1%          4
 Anguish                  Hex/Necr       23%        N/A       10%         4
 Necrotise                Necr           72%        1d7       14%         1
 Dimensional Bullseye     Hex/Tloc       20%        N/A       16%         4
 Kiss of Death            Conj/Necr      48%        2d9       26%         1
 Vampiric Draining        Necr           18%        2d7       41%         3
 Enfeeble                 Hex            33%        N/A       47%         7
 Call Canine Familiar     Summ           6%         N/A       77%         3
 Teleport Other           Tloc           6%         N/A       77%         3
 Volatile Blastmotes      Fire/Tloc      12%        2d11      77%         3
 Vhi's Electric Charge    Tloc/Air       34%        N/A       83%         4
 Martyr's Knell           Necr/Summ      12%        N/A       94%         4
 Animate Armour           Summ/Erth      12%        N/A       99%         4
 Passage of Golubria      Tloc           6%         N/A       99%         4
 Curse of Agony           Necr           18%        N/A       99%         5
 Fireball                 Conj/Fire      3%         3d4       100%        5
 Lee's Rapid Deconstruct  Erth           3%         3d5*      100%        5
 Dispersal                Tloc           3%         N/A       100%        6
 Gell's Gavotte           Tloc           3%         2d(12-18) 100%        6
 Magnavolt                Erth/Air       8%         3d11      100%        7
 Lehudib's Crystal Spear  Conj/Erth      3%         10d2      100%        8
 Dragon's Call            Summ           3%         N/A       100%        9


Dungeon Overview and Level Annotations

Branches:
Dungeon (15/15)            Temple (1/1) D:6            Lair (5/5) D:9
 Shoals (1/4) Lair:3       Spider (0/4) Lair:2        Slime (0/5) Lair:5
    Orc (2/2) D:12            Elf (0/3) Orc:2        Vaults (0/5) D:13
 Depths (0/4) D:15

Altars:
Ashenzari
Cheibriados
Dithmenos
Fedhas
Gozag
Hepliaklqana
Kikubaaqudgha
Makhleb
Nemelex Xobeh
Okawaru
Qazlal
Ru
Sif Muna
Trog
Uskayaw
Vehumet
Wu Jian
Xom
Yredelemnul
Jiyva

Shops:
D:2 [   D:8 *?*   D:9 =   D:11 *   D:13 (   Orc:1 (   Orc:2 ![[?

Annotations:
D:4 exclusion: downstairs
D:10 3 runed translucent doors, avangion's ghost, novice MiFi
D:15 2 transporters, Ticic's ghost, journeyman MiCj
Lair:5 Rupert
Shoals:1 3 runed translucent doors, Daunt's ghost, adept CoFi


Innate Abilities, Weirdness & Mutations

Your natural rate of healing is accelerated.
You have razor-sharp teeth.
You have supernaturally acute eyesight. (SInv)
You are afflicted with vampirism and can become a bat while bloodless.


Message History

You block the water elemental's attack.
Unknown command.
You slash the sea snake! You burn the sea snake.
Your bite misses the sea snake.
The sea snake is severely wounded.
* * * LOW HITPOINT WARNING * * *
Your lungs strain for air!
You feel sick.
The merfolk siren is no longer distracted by gold.
The faun hits you but does no damage.
The merfolk siren chants its luring song.
The faun barely misses you. The faun completely misses you.
The faun barely misses you. The sea snake misses you.
The faun splashes around in the water.
Unknown command.
Unknown command.
Aiming: Warp Space
Press: ? - help, Shift-Dir - straight line, f - sea snake
Aim: a sea snake (severely wounded, umbra, chance to blink: 74%)
Okay, then.
Unknown command.
You cannot read scrolls while unable to breathe!
Okay, then.
You feel very mighty all of a sudden.
* * * LOW HITPOINT WARNING * * *
Your lungs strain for air!
You feel sick. The water elemental closely misses you.
The faun hits you but does no damage. x2
The merfolk siren chants its luring song.
The faun hits you but does no damage. The faun misses you.
The sea snake barely misses you.
The faun splashes around in the water.
Unknown command.
You closely miss the sea snake.
The sea snake is severely wounded.
* * * LOW HITPOINT WARNING * * *
Your lungs strain for air!
You feel sick. You block the water elemental's attack.
The faun hits you from afar with a +0 spear!
You die...
Your body crumbles into a pile of gold.

....~~~~~..~~~≈
.~~~..~....~~~≈
~~~~~.....#.~~≈≈
~~~~~~~~~...~~≈≈
~~~.~~~.~~~~~~≈≈
~~~..~~~.~c~~~≈≈
~....~ccE~~~~≈≈
~~~~~~~......$@Sc~~~~≈
~~~~~~~..####...cm.~~~≈
.~~~≈≈~..# #..###..~~~
..~~~≈~~.####..# ..~~
#.~~≈≈~~..##...## .~~
##.~~~≈~~~.#...).##..~~~
#..~~~≈~~~..........~~~~
...~~~≈≈~~~~~~~.....~~~
..~~~≈≈≈≈~$~~~~~~~~~~~~


You could see a sea snake, 5 fauns, a water elemental and a merfolk siren
(mesmerising).

Vanquished Creatures
  An ettin (Orc:1)
  Josephine (Lair:5)
  A merfolk impaler (Shoals:1)
  A rakshasa (D:15)
  2 vault guards (D:13)
  7 hydras
  2 catoblepae
  3 centaur warriors
  5 boulder beetles
  Erica (Lair:1)
  3 two-headed ogres
  2 tengu warriors
  3 orc high priests (Orc:2)
  Sonja (Orc:2)
  3 skysharks
  3 skeletal warriors (D:11)
  A deep elf archer (D:11)
  A glowing orange brain (D:15)
  2 deep elf pyromancers
  Pikel (D:5)
  An orc knight (Orc:2)
  An obsidian bat (Orc:2)
  A harpy (D:11)
  3 orc sorcerers (Orc:2)
  A faun (Shoals:1)
  5 manticores
  13 ugly things
  11 cyclopes
  6 black mambas
  A meliai (shapeshifter) (D:13)
  25 elephants
  A merfolk siren (Shoals:1)
  16 cane toads
  5 gargoyles
  Joseph (D:7)
  4 unseen horrors
  6 rime drakes
  8 komodo dragons
  An unseen horror (shapeshifter) (D:14)
  A kobold demonologist (D:14)
  5 yaktaurs (D:15)
  A queen bee (shapeshifter) (D:14)
  7 trolls
  A wind drake (Shoals:1)
  3 merfolk (Shoals:1)
  5 polar bears
  5 hornets (Lair:5)
  Grinder (D:4)
  27 blink frogs
  2 snapping turtles (Shoals:1)
  18 slime creatures
  9 dream sheep (Lair:5)
  Sigmund (D:5)
  9 spriggans (Lair:5)
  3 wraiths (Lair:5)
  A spriggan (shapeshifter) (D:14)
  A water elemental (Shoals:1)
  25 yaks
  3 vampires
  7 wyverns
  3 basilisks
  3 steam dragons
  5 wargs
  12 vampire mosquitoes
  Menkaure (D:5)
  A swamp worm (shapeshifter) (D:15)
  4 acid dragons
  15 water moccasins
  4 ogres
  7 ice beasts
  20 orc warriors
  3 sky beasts
  4 black bears
  33 wolves
  3 boggarts (Lair:5)
  6 centaurs
  A phantom (D:6)
  2 kobold brigands
  Blork the orc (D:6)
  A gnoll sergeant (D:13)
  10 bullfrogs
  3 scorpions
  5 wights
  11 killer bees
  12 howler monkeys
  3 electric eels
  2 bombardier beetles
  4 hounds
  35 orc priests
  5 jellies
  2 gnoll boudas
  3 sleepcaps (D:7)
  An iguana (D:5)
  24 orc wizards
  15 gnolls
  5 adders
  3 white imps
  A ribbon worm (D:3)
  3 dart slugs
  81 orcs
  5 ball pythons
  5 bats
  15 endoplasms
  3 giant cockroaches
  7 hobgoblins
  9 jackals
  23 kobolds
  2 quokkas (D:2)
  4 frilled lizards
  7 goblins
  5 rats
731 creatures vanquished.

Vanquished Creatures (collateral kills)
  2 vault guards (D:13)
  A spriggan (Lair:5)
  2 orc warriors (Orc:2)
  An ice beast (D:7)
  7 wights
  An orc priest (Orc:2)
  2 orc wizards (Orc:2)
  3 orcs
19 creatures vanquished.

Vanquished Creatures (others)
  A dancing weapon (D:7)
  2 orc wizards (Orc:2)
3 creatures vanquished.

Grand Total: 753 creatures vanquished

Notes
Turn   | Place    | Note
-------+----------+-------------------------------------------
     0 | D:1      | Aldia the Vampire Enchanter began the quest for the Orb.
     0 | D:1      | Reached XP level 1. HP: 13/13 MP: 3/3
   109 | D:1      | Reached XP level 2. HP: 10/19 MP: 5/5
   206 | D:1      | Reached skill level 5 in Stealth
   400 | D:1      | Learned a level 2 spell: Ensorcelled Hibernation
   558 | D:1      | Gained mutation: You are afflicted with vampirism and can
                  | become a bat while bloodless. [Vampire growth]
   558 | D:1      | Reached XP level 3. HP: 19/19 MP: 6/6
   564 | D:1      | Learned a level 3 spell: Confusing Touch
   980 | D:2      | Reached skill level 1 in Ice Magic
   980 | D:2      | Reached XP level 4. HP: 17/24 MP: 7/7
  1201 | D:2      | Found Hiuppos's Antique Armour Shoppe.
  1290 | D:2      | Found a shimmering altar of Xom.
  1527 | D:3      | Found an opulent altar of Gozag.
  1527 | D:3      | Found a broken altar of Ashenzari.
  1540 | D:3      | Became a worshipper of Gozag Ym Sagoz the Greedy
  1577 | D:3      | Identified the +2 pair of gloves of the Fiend {rPois rC+
                  | Dex+3}
  1615 | D:3      | Reached skill level 5 in Hexes
  1755 | D:3      | Reached XP level 5. HP: 28/28 MP: 1/8
  1938 | D:4      | Learned a level 3 spell: Tukima's Dance
  1959 | D:4      | Reached skill level 5 in Dodging
  1959 | D:4      | Reached skill level 8 in Hexes
  1959 | D:4      | Reached XP level 6. HP: 38/38 MP: 8/12
  2003 | D:4      | Noticed a sky beast
  2009 | D:4      | Killed a sky beast
  2246 | D:4      | Noticed Grinder
  2302 | D:4      | Reached XP level 7. HP: 43/43 MP: 11/13
  2549 | D:4      | Killed Grinder
  2550 | D:4      | Reached skill level 10 in Stealth
  2691 | D:5      | Entered Level 5 of the Dungeon
  2691 | D:5      | Noticed Pikel
  2861 | D:5      | Killed Pikel
  2862 | D:5      | Reached XP level 8. HP: 48/48 MP: 6/14
  3007 | D:5      | Noticed Sigmund
  3014 | D:5      | Killed Sigmund
  3020 | D:5      | Noticed Menkaure
  3032 | D:5      | Killed Menkaure
  3346 | D:5      | Reached XP level 9. HP: 53/53 MP: 10/15
  3710 | D:6      | Found a staircase to the Ecumenical Temple.
  3782 | Temple   | Entered the Ecumenical Temple
  3958 | D:6      | Noticed Blork the orc
  3962 | D:6      | Killed Blork the orc
  4006 | D:6      | Reached skill level 5 in Fighting
  4608 | D:7      | Noticed Joseph
  4615 | D:7      | Killed Joseph
  4616 | D:7      | Reached skill level 10 in Short Blades
  5216 | D:7      | Identified the amulet "Ezuogreupe" {Faith Str+6}
  5329 | D:7      | Noticed a boulder beetle
  5339 | D:7      | Killed a boulder beetle
  5340 | D:7      | Reached skill level 9 in Hexes
  5340 | D:7      | Reached XP level 10. HP: 72/76 MP: 13/16
  5378 | D:7      | Reached skill level 1 in Evocations
  5454 | D:7      | Noticed a green ugly thing
  5456 | D:7      | Killed a green ugly thing
  5457 | D:7      | Identified the +9 flail "Xaadd" {antimagic, rC+ rCorr
                  | Str+3}
  5457 | D:7      | Identified the +4 ring mail of Syndicalism {Int+3 Slay-3}
  5766 | D:2      | Bought a pair of runed boots for 172 gold pieces
  6111 | D:8      | Found Mayviarghit's General Store.
  6119 | D:8      | Bought a scroll of identify for 24 gold pieces
  6119 | D:8      | Bought a potion of heal wounds for 60 gold pieces
  6119 | D:8      | Bought a potion of lignification for 36 gold pieces
  6119 | D:8      | Bought a scroll of identify for 24 gold pieces
  6119 | D:8      | Bought a scroll of enchant weapon for 90 gold pieces
  6119 | D:8      | Bought a potion of heal wounds for 60 gold pieces
  6133 | D:8      | Reached skill level 5 in Evocations
  6268 | D:8      | Found a sacrificial altar of Ru.
  6329 | D:8      | Found Ipaicran's General Store.
  6335 | D:8      | Bought a potion of brilliance for 60 gold pieces
  6452 | D:8      | Found Plog's Magic Scroll Shop.
  6457 | D:8      | Bought a scroll of blinking for 82 gold pieces
  6458 | D:8      | Bought a scroll of identify for 22 gold pieces
  6459 | D:8      | Bought a scroll of teleportation for 33 gold pieces
  6459 | D:8      | Bought a scroll of identify for 22 gold pieces
  6459 | D:8      | Bought a scroll of identify for 22 gold pieces
  6770 | D:9      | Noticed a two-headed ogre
  6780 | D:9      | Killed a two-headed ogre
  6781 | D:9      | Reached XP level 11. HP: 81/81 MP: 14/17
  7107 | D:9      | Found a staircase to the Lair.
  7313 | D:9      | Found Uti Xagy's Jewellery Emporium.
  8056 | D:10     | Entered Level 10 of the Dungeon
  8108 | D:10     | Reached skill level 10 in Dodging
  8325 | D:10     | You are sucked into a shaft and drop 1 floor!
  8368 | D:11     | Noticed a skeletal warrior
  8369 | D:11     | Noticed a skeletal warrior
  8370 | D:11     | Noticed a skeletal warrior
  8529 | D:11     | Noticed a harpy
  8616 | D:11     | Noticed a boulder beetle
  8619 | D:11     | Killed a boulder beetle
  8625 | D:11     | Killed a harpy
  8628 | D:11     | Noticed a deep elf archer
  8629 | D:11     | Noticed a deep elf pyromancer
  8630 | D:11     | Identified the ring "Saollabb" {rPois Str+6 Int+3}
  8933 | D:10     | Found an iron altar of Okawaru.
  8979 | D:10     | Reached skill level 5 in Spellcasting
  9283 | D:10     | Found a runed translucent gate.
  9283 | D:10     | Found a runed translucent gate.
  9283 | D:10     | Found a runed translucent gate.
  9287 | D:10     | Noticed avangion's ghost (novice MiFi)
  9348 | Lair:1   | Entered Level 1 of the Lair of Beasts
  9508 | Lair:1   | Noticed a catoblepas
  9515 | D:9      | Reached XP level 12. HP: 95/95 MP: 10/19
  9704 | Lair:1   | Noticed Erica
  9849 | Lair:1   | Killed Erica
  9850 | Lair:1   | Reached skill level 10 in Hexes
  9861 | Lair:1   | Killed a catoblepas
 10305 | Lair:2   | Reached skill level 1 in Long Blades
 10344 | Lair:2   | Identified a scroll of acquirement
 10345 | Lair:2   | Acquired 819 gold pieces
 10487 | Lair:2   | Reached skill level 11 in Hexes
 10987 | Lair:2   | Learned a level 3 spell: Dazzling Flash
 10993 | Lair:2   | Learned a level 5 spell: Silence
 11335 | Lair:2   | Found a hole to the Spider Nest.
 11679 | Lair:3   | Reached skill level 5 in Long Blades
 11705 | Lair:3   | Found a staircase to the Shoals.
 11819 | Lair:3   | Reached XP level 13. HP: 46/101 MP: 20/20
 11838 | Lair:3   | Reached skill level 12 in Hexes
 11972 | Lair:3   | Found the ring of Shadows {Umbra +Inv Stlth+}
 12797 | Lair:4   | Reached skill level 10 in Fighting
 12976 | Lair:4   | Reached skill level 1 in Air Magic
 13318 | Lair:5   | Entered Level 5 of the Lair of Beasts
 13442 | Lair:5   | Noticed Josephine
 13446 | Lair:5   | Killed Josephine
 13474 | Lair:5   | Found a staircase to the Slime Pits.
 13475 | Lair:5   | Found a viscous altar of Jiyva.
 13811 | Lair:5   | Learned a level 4 spell: Dispel Undead
 13910 | Lair:5   | Reached XP level 14. HP: 108/110 MP: 21/21
 13924 | Lair:5   | Noticed Rupert
 14469 | Lair:5   | Reached skill level 10 in Long Blades
 14881 | Lair:5   | Reached skill level 5 in Air Magic
 14936 | Lair:5   | Reached skill level 1 in Shields
 15323 | Lair:5   | Identified the +3 chain mail of the Lost Path {rC+++ MP+9
                  | Dex-4}
 16394 | D:2      | Learned a level 7 spell: Enfeeble
 16394 | D:2      | Bought quicksilver dragon scales for 1380 gold pieces
 16546 | D:11     | Found Waujem's Assorted Antiques.
 16567 | D:11     | Bought a scroll labelled KOBAEG ZUOL for 32 gold pieces
 16667 | D:11     | Reached skill level 1 in Necromancy
 16930 | D:11     | Reached skill level 1 in Armour
 17958 | D:12     | Identified the +2 robe of Giffe {Rampage Str+2}
 18182 | D:12     | Found a staircase to the Orcish Mines.
 19089 | Orc:1    | Entered Level 1 of the Orcish Mines
 19178 | Orc:1    | Found Mumiycyeloe's Antique Weapon Emporium.
 19259 | Orc:2    | Entered Level 2 of the Orcish Mines
 20255 | Orc:2    | Found a staircase to the Elven Halls.
 20682 | Orc:2    | Noticed Sonja
 20705 | Orc:2    | Killed Sonja
 20718 | Orc:2    | Reached XP level 15. HP: 113/115 MP: 24/24
 21536 | Orc:2    | Found Ypenk's Magic Scroll Shop.
 21536 | Orc:2    | Found Paggykepp's Armour Shop.
 21540 | Orc:2    | Found Wubek's Armour Boutique.
 21540 | Orc:2    | Found Nimpiboa's Distillery.
 21563 | Orc:2    | Bought a scroll of blinking for 90 gold pieces
 21563 | Orc:2    | Bought a scroll of fear for 48 gold pieces
 21563 | Orc:2    | Bought a scroll of amnesia for 48 gold pieces
 21565 | Orc:2    | Bought a potion of magic for 112 gold pieces
 21565 | Orc:2    | Bought a potion of heal wounds for 70 gold pieces
 22037 | D:13     | Found a gate to the Vaults.
 22422 | D:13     | Found Bovuxamm's Antique Weapon Shop.
 22764 | D:13     | Identified the +8 flail "Vaecric" {freeze, ^Drain Int+2
                  | Dex+5}
 22784 | D:13     | Reached skill level 5 in Armour
 23577 | D:14     | HP: 3/115 [white ugly thing (11)]
 23587 | D:13     | HP: 1/115 [purple ugly thing (9)]
 23590 | D:13     | Reached skill level 13 in Hexes
 24299 | D:14     | Found a snail-covered altar of Cheibriados.
 24627 | D:15     | Entered Level 15 of the Dungeon
 24627 | D:15     | Found a transporter.
 24706 | D:15     | Noticed Ticic's ghost (journeyman MiCj)
 24719 | D:15     | Found a transporter.
 24767 | D:15     | Reached skill level 14 in Hexes
 25081 | D:15     | Found a staircase to the Depths.
 25300 | D:15     | Reached skill level 15 in Hexes
 25986 | Shoals:1 | Entered Level 1 of the Shoals
 26026 | Shoals:1 | Found a runed translucent gate.
 26026 | Shoals:1 | Found a runed translucent gate.
 26026 | Shoals:1 | Found a runed translucent gate.
 26034 | Shoals:1 | Noticed Daunt's ghost (adept CoFi)
 26262 | Shoals:1 | Slain by a faun

Illustrated notes

Levels and vault maps discovered:
D:1:      giann_bridges, layout_loops_ring, minmay_misc_feat_more_columns,
          corexii_item_surrounded_by_moat, chequers_decorated_corner,
          minmay_misc_feat_diagonals
D:2:      layout_rooms, serial_shops, nicolae_shop_tiny_statue_garden,
          basic_altar
D:3:      layout_basic, mainiacjoe_overflow_divided_tiny
D:4:      layout_basic, kennysheep_donut, minmay_quantized, uniq_grinder
D:5:      layout_rooms, uniq_pikel, uniq_sigmund, uniq_menkaure
D:6:      layout_basic, minmay_temple_entry_glass, uniq_blork_the_orc
D:7:      minmay_the_grid_octo_tiled_squarecenter
          [minmay_the_grid_octo_thin_diamonds, minmay_the_grid_octo_odd_swirl,
          minmay_the_grid_octo_concentric, minmay_the_grid_octo_fat_diamond,
          minmay_the_grid_square_5x5_megaprize_checkered,
          minmay_the_grid_square_5x5_inner_z,
          minmay_the_grid_square_5x5_broken_cross, minmay_the_grid_square_5x5_n,
          minmay_the_grid_square_5x5_eight], layout_loops_ring, uniq_joseph
D:8:      layout_basic, mainiacjoe_overflow_brackets, serial_shops,
          kennysheep_little_box, shop_fountains, nicolae_shop_rolling_square
D:9:      layout_layer_cave, hellmonk_lair_entry_icy, serial_shops,
          nicolae_lakefront_shop
D:10:     layout_rooms, mainiacjoe_overflow_cross_hatched,
          gammafunk_ghost_nasty_kobolds, kennysheep_nub
D:11:     layout_layer_cave, serial_shops, nicolae_shop_waterfront,
          nicolae_doodle_vault
D:12:     layout_stronghold, david_orc_1_choice,
          hangedman_abyss_or_decor_jellyfish_corner
D:13:     layout_basic, lightli_vaults_fourway_checkpoint, serial_shops, shop,
          minmay_puff
D:14:     layout_cave_pods, cheibriados_altar_1, nicolae_twisty_statue_hallways
D:15:     gammafunk_enter_depths_forms, layout_irregular_city,
          gammafunk_ghost_stat_death, chequers_serial_rivers_micro_c
Temple:   dpeg_five_rooms_temple
Lair:1:   layout_misc_corridors, serial_rivers, chequers_serial_rivers_marsh,
          chequers_serial_rivers_micro_a, chequers_serial_rivers_large_a,
          chequers_serial_rivers_small_3, chequers_serial_rivers_small_b,
          infiniplex_staircase_pool_2, uniq_erica
Lair:2:   layout_roguey, dummy_spider_entry
Lair:3:   layout_misc_corridors, mainiacjoe_shoals_entry_four_pools,
          lemuel_old_faithful
Lair:4:   layout_gridlike, grunt_megastairs_4
Lair:5:   minmay_lair_end_enchanted_forest, layout_regular_city,
          nicolae_slime_entry_slimehenge, serial_bayou_shore_a,
          grunt_megastairs_5, lemuel_fruit_fields, uniq_josephine, uniq_rupert
Shoals:1: layout_shoals, gammafunk_ghost_necromancy
Orc:1:    layout_caves, serial_shops, shop, lightli_orcish_oven
Orc:2:    st_orc_mages, layout_caves, uniq_sonja

Skill      XL: |  1  2  3  4  5  6  7  8  9 10 11 12 13 14 15 |
---------------+----------------------------------------------+-----
Stealth        | 5 6 9 10 12 | 12.0
Short Blades   | 2 3 7 8 9 10 | 10.0
Ice Magic      | 1 2 |  2.0
Hexes          | 5 8 9 11 12 15 | 15.8
Fighting       | 4 5 6 9 10 | 10.0
Dodging        | 5 6 7 9 11 12 13 | 13.0
Spellcasting   | 4 5 6 |  6.0
Evocations     | 5 6 7 |  7.0
Long Blades    | 5 9 12 | 12.8
Air Magic      | 3 5 |  5.0
Shields        | 3 4 |  4.0
Necromancy     | 2 |  2.6
Armour         | 2 6 |  6.3

Action                     |  1- 3 |  4- 6 |  7- 9 | 10-12 | 13-15 || total
---------------------------+-------+-------+-------+-------+-------++-------
  Melee: Dagger            |    59 |   118 |   193 |   550 |   305 ||  1225
         Bite              |     4 |    13 |    26 |    81 |   243 ||   367
         Scimitar          |       |       |       |    17 |  1299 ||  1316
   Cast: Ensorcelled Hiber |     1 |    14 |    28 |    99 |   107 ||   249
         Confusing Touch   |       |       |    11 |    17 |    11 ||    39
         Tukima's Dance    |       |       |     4 |     8 |    15 ||    27
         Dazzling Flash    |       |       |       |       |     9 ||     9
         Silence           |       |       |       |       |     1 ||     1
Ability: Exsanguinate      |     1 |       |       |       |       ||     1
         Revivify          |       |       |     1 |       |       ||     1
  Evoke: Wand              |       |       |       |     3 |     2 ||     5
         Lightning rod     |       |       |       |     3 |     6 ||     9
         Phantom mirror    |       |       |       |     1 |       ||     1
    Use: Scroll            |     1 |     6 |     5 |    19 |    14 ||    45
         Potion            |       |     1 |       |     2 |     7 ||    10
   Stab: Sleeping          |    14 |    22 |    32 |    71 |   115 ||   254
         Distracted        |     1 |     1 |     4 |    11 |    23 ||    40
         Confused          |       |       |    11 |    20 |    12 ||    43
         Invisible         |       |       |       |       |    14 ||    14
 Armour: Robe              |    24 |    62 |    90 |   252 |   244 ||   672
         Quicksilver drago |       |       |       |       |   691 ||   691
  Dodge: Dodged            |    11 |    65 |   123 |   553 |  1256 ||  2008
  Block: Buckler           |       |       |       |       |   372 ||   372

Table legend: (Time is in decaauts)
 A = Elapsed time spent in this place.
 B = Non-inter-level travel time spent in this place.
 C = Inter-level travel time spent in this place.
 D = Time resting spent in this place.
 E = Time spent auto-exploring this place.
 F = Levels seen in this place.
 G = Mean time per level.
                   A        B        C        D        E       F      G
               +--------+--------+--------+--------+--------+-----+--------+
         Total |  25528 |  23815 |   1713 |   1250 |  15776 |  24 | 1063.7 |
       Dungeon |  16664 |  15413 |   1251 |    946 |  10308 |  15 | 1110.9 |
        Temple |      1 |      1 |      0 |      0 |      0 |   1 |    1.0 |
          Lair |   5893 |   5621 |    272 |    112 |   3830 |   5 | 1178.6 |
        Shoals |    256 |    256 |      0 |      0 |     89 |   1 |  256.0 |
  Orcish Mines |   2711 |   2522 |    189 |    192 |   1549 |   2 | 1355.5 |
               +--------+--------+--------+--------+--------+-----+--------+

Top non-repeatable levels by time:
    D:11: 2071 daAuts
  Lair:5: 1991 daAuts
     D:9: 1774 daAuts
   Orc:2: 1699 daAuts
     D:7: 1523 daAuts
    D:12: 1518 daAuts
    D:13: 1483 daAuts
    D:14: 1306 daAuts
  Lair:2: 1265 daAuts
  Lair:3: 1039 daAuts
    D:15: 1034 daAuts
   Orc:1: 1012 daAuts
  Lair:4: 921 daAuts
     D:4: 881 daAuts
     D:5: 873 daAuts
